 Dungeon Crawl Stone Soup version 0.17-a0-1311-gbcbd859 (webtiles) character file.

7921 Raurakos the Martial Artist (level 11, -25/50 HPs)
             Began as a Vine Stalker Transmuter on June 8, 2015.
             Was the Champion of Makhleb.
             Annihilated by a death yak (26 damage)
             ... led by a torpor snail
             ... on level 2 of the Lair of Beasts.
             The game lasted 01:02:41 (11032 turns).

Raurakos the Martial Artist (VSTm)                 Turns: 11032, Time: 01:02:42

Health: -25/50     AC:  7    Str: 13    XL:     11   Next: 22%
Magic:  0/16       EV: 17    Int: 15    God:    Makhleb [******]
Gold:   503        SH:  0    Dex: 18    Spells: 3 memorised, 5 levels left

rFire  . . .     SeeInvis .       - Unarmed
rCold  . . .     Clarity  +     w - +0 leather armour
rNeg   . . .     SustAt   .     (shield currently unavailable)
rPois  .         Gourm    .     O - +0 helmet
rElec  .         Spirit   +     x - +0 cloak
rCorr  .         Warding  .     (gloves currently unavailable)
rMut   .         Stasis   .     e - +1 pair of boots
MR     +....                    m - amulet of clarity
Stlth  ++........               H - ring of wizardry
                                L - +2 ring of intelligence

@: blade hands, somewhat resistant to hostile enchantments, unstealthy
A: fangs 3, regeneration 2, magic shield, antimagic bite, no device heal 3, rot
immunity
a: End Transformation, Minor Destruction, Lesser Servant of Makhleb, Major
Destruction, Greater Servant of Makhleb, Renounce Religion


You were on level 2 of the Lair of Beasts.
You worshipped Makhleb.
Makhleb was exalted by your worship.
You were very hungry.
You had blades for hands.
You visited 2 branches of the dungeon, and saw 11 of its levels.

You collected 503 gold pieces.

Inventory:

Hand weapons
 n - a +0 blowgun
Missiles
 p - 32 poisoned needles
Armour
 e - a +1 pair of boots (worn)
 w - a +0 leather armour (worn)
 x - a +0 cloak (worn)
 F - a +0 pair of gloves (melded)
 O - a +0 helmet (worn)
Rods
 K - a +2 rod of clouds (11/11)
   (You found it on level 6 of the Dungeon)
Jewellery
 m - an amulet of clarity (around neck)
 v - an uncursed ring of magical power
 E - an uncursed ring of poison resistance
 H - a ring of wizardry (right scythe-like blade)
 L - a +2 ring of intelligence (left scythe-like blade)
 M - an uncursed amulet of rage
Magical devices
 b - a wand of confusion (28)
 t - a wand of lightning (4)
 z - a wand of digging (13)
 N - a wand of cold (10)
Scrolls
 a - a scroll of acquirement {unknown}
 h - a scroll of random uselessness {unknown}
 k - 2 scrolls of remove curse
 l - 3 scrolls of immolation {unknown}
 o - 2 scrolls of amnesia {unknown}
 s - a scroll of fear {unknown}
 y - 5 scrolls of teleportation {unknown}
 A - 3 scrolls of enchant weapon {unknown}
 C - 2 scrolls of fog {unknown}
 D - 3 scrolls of enchant armour {unknown}
 P - a scroll of noise {unknown}
Potions
 g - 2 potions of flight
 u - 2 potions of magic
 G - 2 potions of berserk rage
 I - a potion of haste
 J - a potion of brilliance
Books
 c - a book of Envenomations

   Spells                             Type                      Level
   a - Spider Form                    Transmutation/Poison         3
   b - Alistair's Intoxication        Transmutation/Poison         4
   c - Olgreb's Toxic Radiance        Poison                       4
   d - Poisonous Cloud                Conjuration/Poison/Air       6
Comestibles
 d - 5 bread rations
 i - a beef jerky
 j - a meat ration


   Skills:
 - Level 2.0 Fighting
 - Level 0.1 Armour
 - Level 7.1 Dodging
 + Level 11.9 Unarmed Combat
 - Level 2.1 Spellcasting
 * Level 6.5 Transmutations
 - Level 6.2 Invocations


You had 5 spell levels left.
You knew the following spells:

 Your Spells              Type           Power        Failure   Level  Hunger
a - Beastly Appendage     Trmt           ###...       9%          1    #......
b - Blade Hands           Trmt           ###.......   58%         5    ######.
c - Spider Form           Trmt/Pois      ##........   34%         3    ###....


Dungeon Overview and Level Annotations

Branches:
Dungeon (9/15)             Temple (0/1) D:6            Lair (2/8) D:9
    Orc: D:9-12

Altars:
Dithmenos
Fedhas
Kikubaaqudgha
Makhleb
Qazlal
Ru
Yredelemnul

Annotations:
Lair:2 Avack's ghost, experienced HECj


Innate Abilities, Weirdness & Mutations

You have razor-sharp teeth.
You heal very quickly.
When hurt, damage is shared between your health and your magic reserves.
Your bite disrupts and absorbs the magic of your enemies.
Potions and wands cannot restore your health.
You are immune to rotting.


Message History

The black mamba bites you but does no damage.
The death yak gores you!! The black mamba bites you!
The black mamba barely misses you.
You slash the black mamba!
The black mamba is moderately wounded.
The black mamba closely misses you. The black mamba bites you!
* * * LOW HITPOINT WARNING * * *
You slice the black mamba!!
You bite the black mamba, but do no damage.
The black mamba is severely wounded.
You hit the death yak.
You bite the death yak, but do no damage.
The death yak is lightly wounded.
You slash the death yak!
The death yak is moderately wounded.
The black mamba bites you!
* * * LOW HITPOINT WARNING * * *
The death yak gores you!!
Ouch! That really hurt!
You die...

.. ............####
.. ....P#.#........#
.. #..P#####.....###
. ....# ##P..## ...#
#...## ...# #...##
.w. #..## ###...#
..S. #..###...####
P...###...###@.##.##
..
#..........#YS....###
..
#^...P..............#
..
##...............P###
##
#........P#.....###
.#.......##....##
........####.....#
#.......# P......#
#....$.## #.........


You could see a death yak and a black mamba.

Vanquished Creatures
  An elephant (D:9)
  A spiny frog (Lair:1)
  A komodo dragon (Lair:1)
  Prince Ribbit (D:8)
  A deep elf mage (D:8)
  10 yaks
  A hungry ghost (D:8)
  A wyvern (D:8)
  A basilisk (Lair:1)
  A steam dragon (Lair:1)
  A mottled dragon (D:9)
  4 ice beasts
  2 black bears
  An orc warrior (D:6)
  3 water moccasins
  A sky beast (D:9)
  3 phantoms
  2 necrophages
  3 crocodiles
  5 centaurs
  3 ogres
  A gnoll sergeant (D:6)
  5 giant frogs
  A water moccasin skeleton (D:4)
  3 scorpions
  4 killer bees (D:9)
  A vampire bat (Lair:1)
  A quasit (D:6)
  3 crimson imps
  A centaur zombie (D:5)
  A giant frog zombie (D:6)
  6 orc priests
  2 hounds
  4 iguanas
  2 jellies
  A centaur skeleton (D:8)
  A giant frog skeleton (D:7)
  3 orc wizards
  4 worker ants
  6 sheep
  A hound zombie (D:8)
  A hound skeleton (D:6)
  A worker ant zombie (D:5)
  5 gnolls
  9 adders
  8 river rats (Lair:2)
  3 shadow imps
  2 oozes
  7 worms
  6 giant geckos
  37 orcs
  A ball python (D:5)
  24 bats
  A bat zombie (D:5)
  6 giant cockroaches
  18 hobgoblins
  7 quokkas
  A giant gecko skeleton (D:7)
  7 giant newts
  7 goblins
  4 jackals
  16 kobolds
  2 quokka skeletons
  2 quokka zombies (D:6)
  15 rats
288 creatures vanquished.

Notes
Turn   | Place    | Note
--------------------------------------------------------------
     0 | D:1      | Raurakos the Vine Stalker Transmuter began the quest for the Orb.
     0 | D:1      | Reached XP level 1. HP: 9/9 MP: 4/4
   173 | D:1      | Reached XP level 2. HP: 14/14 MP: 4/6
   724 | D:2      | Reached skill level 4 in Unarmed Combat
   831 | D:2      | Found a burning altar of Makhleb.
   831 | D:2      | Noticed a green death
   834 | D:2      | Noticed a smoke demon
   834 | D:2      | Noticed a hellwing
   836 | D:2      | Became a worshipper of Makhleb the Destroyer
   943 | D:2      | Reached XP level 3. HP: 14/17 MP: 5/7
  1711 | D:3      | Acquired Makhleb's first power
  1826 | D:3      | Reached XP level 4. HP: 19/21 MP: 8/8
  1998 | D:3      | Reached skill level 5 in Unarmed Combat
  2383 | D:3      | Reached XP level 5. HP: 23/25 MP: 9/9
  2391 | D:2      | Acquired Makhleb's second power
  3116 | D:4      | Noticed an ogre
  3243 | D:4      | Noticed an ogre
  3992 | D:3      | Gained mutation: You heal very quickly. [Vine Stalker growth]
  3992 | D:3      | Reached XP level 6. HP: 20/29 MP: 10/10
  4395 | D:5      | Entered Level 5 of the Dungeon
  4766 | D:5      | Reached skill level 6 in Unarmed Combat
  4879 | D:5      | Acquired Makhleb's third power
  4951 | D:5      | Reached XP level 7. HP: 32/32 MP: 11/11
  5248 | D:5      | Learned a level 3 spell: Spider Form
  5285 | D:6      | Found a staircase to the Ecumenical Temple.
  5363 | D:6      | Identified a +2 rod of clouds (11/11) (You found it on level 6 of the Dungeon)
  5508 | D:6      | Reached skill level 7 in Unarmed Combat
  5591 | D:6      | Found a sacrificial altar of Ru.
  5598 | D:6      | Found a basalt altar of Yredelemnul.
  5603 | D:6      | Found a shadowy altar of Dithmenos.
  5608 | D:6      | Gained mutation: You have razor-sharp teeth. [Vine Stalker growth]
  5608 | D:6      | Reached XP level 8. HP: 37/37 MP: 12/12
  5615 | D:6      | Learned a level 5 spell: Blade Hands
  5625 | D:6      | Found a burning altar of Makhleb.
  5632 | D:6      | Found a stormy altar of Qazlal.
  5637 | D:6      | Found an ancient bone altar of Kikubaaqudgha.
  5645 | D:6      | Found a blossoming altar of Fedhas.
  5828 | D:6      | Reached skill level 5 in Transmutations
  6028 | D:6      | Acquired Makhleb's fourth power
  6865 | D:7      | Reached skill level 8 in Unarmed Combat
  7060 | D:6      | Reached skill level 5 in Dodging
  7144 | D:7      | Reached XP level 9. HP: 40/40 MP: 13/13
  7708 | D:4      | Killed an ogre
  7713 | D:4      | Killed an ogre
  8041 | D:7      | Acquired Makhleb's fifth power
  8683 | D:8      | Reached skill level 9 in Unarmed Combat
  8909 | D:8      | Noticed Prince Ribbit
  8932 | D:8      | Killed Prince Ribbit
  9011 | D:8      | Reached skill level 5 in Invocations
  9135 | D:8      | Reached XP level 10. HP: 44/44 MP: 9/15
  9806 | D:9      | Noticed an elephant
  9836 | D:9      | HP: 1/46 [killer bee (5)]
  9837 | D:9      | Killed an elephant
  9837 | D:9      | Reached skill level 10 in Unarmed Combat
  9937 | D:9      | Found a staircase to the Lair.
 10196 | Lair:1   | Entered Level 1 of the Lair of Beasts
 10236 | D:9      | Reached skill level 11 in Unarmed Combat
 10326 | Lair:1   | Reached XP level 11. HP: 50/50 MP: 13/16
 10885 | Lair:2   | Noticed Avack's ghost (experienced HECj)
 11013 | Lair:2   | Noticed a death yak
 11032 | Lair:2   | HP: 1/50 [black mamba (13)]
 11032 | Lair:2   | Annihilated by a death yak

Vault maps used:
D:1:      mrwooster_arrival_statue
D:2:      makhleb_altar_promises_db
D:3:      kennysheep_generic_room_5
D:4:      hex_medium, minmay_bad_closet
D:5:      first_bread, minmay_misc_feat_rows
D:6:      grunt_temple_overflow_octagram, minmay_temple_entry_water_ring,
          minmay_tree_intersection
D:7:      black_bear_nest_2
D:8:      uniq_prince_ribbit1
D:9:      david_lair_generic
Lair:1:   roderic_batcave
Lair:2:   nicolae_volcano_entry_hallway, bh_autumn_forest_stairs

Action                   |  1- 3 |  4- 6 |  7- 9 | 10-12 || total
-------------------------+-------+-------+-------+-------++-------
Melee: Unarmed           |   144 |   316 |   480 |   294 ||  1234
Throw: Stone             |    50 |    71 |    30 |       ||   151
 Cast: Spider Form       |       |       |    20 |    12 ||    32
       Blade Hands       |       |       |       |     1 ||     1
Invok: Minor Destruction |       |     8 |    49 |    16 ||    73
 Abil: Evoke Berserk Rag |       |       |     1 |       ||     1
Evoke: Wand              |       |       |       |     2 ||     2
  Use: Scroll            |     1 |     2 |     6 |     3 ||    12
 Stab: Fleeing           |       |       |       |     1 ||     1
  Eat: Chunk             |     3 |    10 |    20 |     8 ||    41
